AoeStats
← Tunga

Arabia

505432033Analyzed
1v1 RM · 24d ago on Sep 9, 2026· 49m 49s· 2 players
Game mode
Random Map
Map size
Tiny (2 player)
Population
200
Speed
Normal
Resources
Standard
Victory
Conquest
Starting age
Dark Age
Ending age
Imperial Age
RankedLock teamsTeams togetherTeam positionsShared explorationLock speedFull tech treeHidden civsTurbo modeCheats
Victory
Defeat
🇰🇿 Berbers · Kazakhstan
717
+18
🇹🇷 Bohemians · Türkiye
760
-18
Garyshker
18:45 Feudal Age
20:27 Bloodlines
29:10 Wheelbarrow
32:33 Castle Age
32:51 Light Cavalry
33:56 Elite Skirmisher
36:21 Fletching
38:19 Thumb Ring
43:13 Hand Cart
48:44 Bodkin Arrow
49:23 Double-Bit Axe
Tunga
18:25 Feudal Age
16:40 Loom
19:57 Wheelbarrow
22:05 Horse Collar
22:34 Double-Bit Axe
27:08 Scale Barding Armor
32:53 Padded Archer Armor
32:44 Fletching
35:12 Castle Age
34:39 Scale Mail Armor
36:20 Husbandry
43:42 Hand Cart
Connection lost

Rejoining the realm…

Still unreachable

The connection could not be restored.

Session expired

The server has moved on; the page needs a fresh start.